 Dungeon Crawl Stone Soup version 0.29-a0-344-ge2f44be95a (webtiles) character file.

Game seed: 12962809466706770713

1377 spaghetti the Fighter (level 8, 0/94 HPs)
             Began as an Ogre Chaos Knight on Apr 21, 2022.
             Was a Plaything of Xom.
             Slain by a gnoll
             ... wielding a +2 flail of protection
              (3 damage)
             ... on level 6 of the Dungeon.
             The game lasted 00:12:26 (7165 turns).

spaghetti the Fighter (Ogre Chaos Knight)           Turns: 7165, Time: 00:12:27

Health: 0/94       AC:  5    Str: 27      XL:     8   Next: 66%
Magic:  8/8        EV: 14    Int: 15      God:    Xom [......]
Gold:   217        SH:  0    Dex:  7 (8)  Spells: 7/7 levels left

rFire   . . .      SeeInvis .   z - +4 quarterstaff (chaos) {staff}
rCold   . . .      Faith    .   (shield currently unavailable)
rNeg    . . .      Spirit   .   b - +2 robe
rPois   .          Reflect  .   f - +0 hat of Ocol {Str+2}
rElec   .          Harm     .   (no cloak)
rCorr   .          Rampage  .   (gloves unavailable)
Will    .....      Rage     1%  (boots unavailable)
Stlth   +.........              (no amulet)
HPRegen 0.25/turn               r - +4 ring of evasion
MPRegen 0.11/turn               x - +6 ring of strength

@: mighty, lit by a corona, glowing
A: large, unfitting armour, tough skin 1, horns 1, berserk 1, clever 1,
deterioration 2, sense surroundings 1
a: Renounce Religion


You were on level 6 of the Dungeon.
You worshipped Xom.
You were a very special plaything of Xom.
You visited 1 branch of the dungeon, and saw 6 of its levels.
You also visited: Sewer.

You collected 217 gold pieces.


Innate Abilities, Weirdness & Mutations

You are too large for most types of armour.
You have tough skin. (AC +1)
You have a pair of small horns on your head.
You tend to lose your temper in combat.
Your mind is acute. (Int +2)
Your body often deteriorates upon taking damage.
You passively map a small area around you.


   Skills:
 * Level 10.4 Fighting
 - Level 3.0 Polearms
 + Level 4.9 Throwing
 + Level 5.1 Dodging


You had 7 spell levels left.
You didn't know any spells.
Your spell library contained the following spells:

 Spells                   Type           Power      Damage    Failure   Level
 Magic Dart               Conj           0%         1d3       26%         1
 Call Imp                 Summ           0%         N/A       38%         2
 Mephitic Cloud           Conj/Pois/Air  0%         N/A       63%         3

Inventory:

Hand Weapons
 a - a +0 spear of chaos {polearm}
 g - a +4 short sword of chaos {short}
   (You took it off an orc on level 5 of the Dungeon)
 j - a +1 club of chaos {mace}
   (You took it off a gnoll on level 1 of the Dungeon)
 t - a +0 giant club {mace}
   (You took it off an ogre on level 5 of the Dungeon)
 z - a +4 quarterstaff of chaos (weapon) {staff}
   (You took it off Crazy Yiuf on level 5 of the Dungeon)
Missiles
 k - 98 stones (quivered) {throwing}
 C - 6 poisoned darts {throwing}
Armour
 b - a +2 robe (worn)
 f - the +0 hat of Ocol (worn) {Str+2}
   (You acquired it on level 4 of the Dungeon)

   Str:       It affects your strength (+2).
 D - a +0 cloak
   (You took it off Crazy Yiuf on level 5 of the Dungeon)
Jewellery
 e - a ring of poison resistance
   (You found it on level 4 of the Dungeon)
 r - a +4 ring of evasion (left hand)
   (You found it on level 2 of the Dungeon)
 u - a ring of flight
   (You took it off a goblin on level 3 of the Dungeon)
 x - a +6 ring of strength (right hand)
   (You found it on level 3 of the Dungeon)
Wands
 v - a wand of acid (7)
   (You found it on level 5 of the Dungeon)
 w - a wand of iceblast (10)
   (You found it on level 5 of the Dungeon)
Scrolls
 h - a scroll of amnesia
 m - 2 scrolls of magic mapping {!r}
 o - a scroll of holy word
 p - a scroll of enchant armour
 q - 2 scrolls of immolation {!r!r}
 y - a scroll of blinking {unknown}
 A - a scroll of vulnerability {unknown}
Potions
 d - 3 potions of degeneration {!q@e2}
 i - a potion of brilliance
 l - 2 potions of haste {unknown}
 n - a potion of cancellation
 s - a potion of mutation {!q}
Miscellaneous
 c - a piece from Xom's chessboard (8/15)

Dungeon Overview and Level Annotations

Branches:
Dungeon (6/15)             Temple (0/1) D:4           Sewer (visited)

Altars:
Cheibriados
Qazlal

* #.... , , , , * #...#
.....#...>... #...# #..
......... #...
..#.......#. ,* #...
.......... *
##..######.#.5...# *
#............... ,
###....g.####gY)# , ∆,
#.......##.(()@g# *∆
#.##....##)####g......
.. #.....§.# *.g...## *
# , #.<..#### ,....... ,
#.........# ,....... ,
*#..###.###....,,.......
* ... ...# *####*
....... .. ..### *
....... :..* ,∆ *


You could see a sky beast, 4 gnolls and a shadow imp.


Message History

The gnoll hits you with a +0 halberd.
Items here: ))) [ ††. 😕 HP[-4]
You take 4 damage, and now have 84/93 hp.
You bludgeon the gnoll!!
You feel better.
You kill the gnoll! "Where it stops, nobody knows!"
Your surroundings seem slightly different.
A gnoll comes into view. It is wielding a +0 flail.
Your surroundings suddenly seem different.
A gnoll shaman, 3 gnolls and a sky beast come into view.
A gnoll is wielding a +2 flail of protection.
A gnoll is wielding a +2 flail of protection.
Found a glowing dagger.
Found a stone staircase leading down.
You are now a beloved toy of Xom.
The gnoll moves out of view. x2 😕 HP[+9]
You now have 94 max hp (+1).
You regained 9 hp, and now have 93/94 hp.
Unknown command.
The gnoll shouts!
You hit the gnoll shaman. You headbutt the gnoll shaman.
The gnoll shaman misses you. 😎 HP[+1]
Your hp is fully restored (94).
You sock the gnoll shaman! You freeze the gnoll shaman.
You kill the gnoll shaman! "See what I see, my child!"
You detect items!
You are now a very special plaything of Xom.
Unknown command.
You completely miss the gnoll.
The gnoll hits you with a +0 flail! 😕 HP[-8]
You take 8 damage, and now have 86/94 hp.
You barely miss the gnoll. Your headbutt misses the gnoll.
The gnoll hits you with a +2 flail of protection.
The gnoll barely misses you.
A shadow imp comes into view.
The gnoll hits you with a +0 flail. x2
The gnoll hits you with a +2 flail of protection! x2
The gnoll hits you from afar with a +0 spear.
The shadow imp moves out of view. 😮 HP[-28]
You take 28 damage, and now have 58/94 hp.
MASSIVE DAMAGE!! (PAUSE) Unknown command.
You closely miss the gnoll. The sky beast barely misses you.
The gnoll barely misses you. The gnoll closely misses you.
The gnoll barely misses you.
The gnoll hits you but does no damage. 😮 HP[+1]
You barely miss the gnoll.
The gnoll shouts!
You headbutt the gnoll!
You hear a shout!
The gnoll completely misses you. The sky beast completely misses you.
The gnoll hits you with a +0 flail.
The gnoll hits you with a +2 flail of protection!
* * * LOW HITPOINT WARNING * * *
The gnoll hits you from afar with a +0 spear.
* * * LOW HITPOINT WARNING * * *
😨 HP[-20]
You take 20 damage, and now have 39/94 hp.
MASSIVE DAMAGE!! (PAUSE)
You feel very mighty all of a sudden.
The gnoll hits you with a +2 flail of protection.
* * * LOW HITPOINT WARNING * * *
The sky beast hits you but does no damage.
The gnoll hits you with a +0 flail!
* * * LOW HITPOINT WARNING * * *
The gnoll misses you. x2 😱 HP[-16]
You take 16 damage, and now have 23/94 hp.
Okay, then.
You miss the sky beast. The gnoll barely misses you.
The gnoll hits you from afar with a +0 spear.
* * * LOW HITPOINT WARNING * * *
The sky beast misses you. The gnoll barely misses you.
The gnoll misses you. 😱 HP[-3]
You take 3 damage, and now have 20/94 hp.
You sock the gnoll!
You kill the gnoll!
The gnoll closely misses you.
The sky beast hits you but does no damage.
The gnoll hits you with a +0 flail!
* * * LOW HITPOINT WARNING * * *
The gnoll misses you. The gnoll completely misses you.
You feel your strength returning. 😱 HP[-10]
You take 10 damage, and now have 10/94 hp.
You barely miss the gnoll. Your headbutt misses the gnoll.
The sky beast misses you. The gnoll completely misses you.
The gnoll hits you from afar with a +0 spear.
* * * LOW HITPOINT WARNING * * *
The gnoll misses you. The gnoll hits you with a +0 flail.
* * * LOW HITPOINT WARNING * * *
The gnoll hits you with a +0 flail.
* * * LOW HITPOINT WARNING * * *
The gnoll barely misses you.
The gnoll hits you with a +2 flail of protection.
You die...
Xom snickers!

Skill      XL: |  1  2  3  4  5  6  7  8 |
---------------+-------------------------+-----
Throwing       | 1 2 3 4 |  4.9
Fighting       | 5 6 7 9 10 | 10.4
Dodging        | 3 4 5 |  5.1
Polearms       | |  3.0

Action                   |  1- 3 |  4- 6 |  7- 9 || total
-------------------------+-------+-------+-------++-------
Melee: Spear             |    34 |   112 |    43 ||   189
       Club              |    53 |   128 |       ||   181
       Punch             |       |     3 |     2 ||     5
       Short sword       |       |       |   149 ||   149
       Quarterstaff      |       |       |    15 ||    15
       Headbutt          |       |       |     2 ||     2
Throw: Stone             |       |   103 |    73 ||   176
Evoke: Piece from Xom's  |    16 |     4 |       ||    20
       Wand              |       |       |     2 ||     2
  Use: Potion            |       |    11 |     7 ||    18
       Scroll            |       |     8 |     2 ||    10
 Stab: Paralysed         |       |     1 |       ||     1
       Petrified         |       |    10 |       ||    10
       Confused          |       |       |     3 ||     3
       Sleeping          |       |       |     1 ||     1
       Invisible         |       |       |     2 ||     2
Armor: Robe              |    38 |    57 |    26 ||   121
       Skin              |       |    52 |       ||    52
Dodge: Dodged            |    33 |   249 |   175 ||   457

Levels and vault maps discovered:
D:1:      onia_arrival_zoo_common, layout_rooms,
          ebering_ecumenical_altar_abandoned
D:2:      layout_rooms, kennysheep_generic_room_10
D:3:      layout_basic, amethyst_overflow_temple_binary, uniq_jessica
D:4:      layout_basic, minmay_temple_entry_butterflies, uniq_natasha
D:5:      layout_loops_cross, serial_glass, glass_columns_a, glass_columns_a,
          glass_columns_a, glass_columns_a, glass_columns_a, glass_columns_b,
          glass_columns_a, glass_columns_a, cheibrodos_sewer_entry_sluice,
          kennysheep_generic_room_5, uniq_crazy_yiuf_cottage
D:6:      layout_rooms

Notes
Turn   | Place    | Note
-------+----------+-------------------------------------------
     0 | D:1      | spaghetti the Ogre Chaos Knight began the quest for the
                  | Orb.
     0 | D:1      | Reached XP level 1. HP: 24/24 MP: 1/1
     0 | D:1      | magus.rc [v1.9.6]
     1 | D:1      | XOM: silly message
     6 | D:1      | Noticed a swamp worm
     6 | D:1      | Noticed a black bear
     7 | D:1      | Noticed a rime drake
   150 | D:1      | Found a faded altar of an unknown god.
   155 | D:1      | XOM: divine lightning
   156 | D:1      | Reached XP level 2. HP: 26/33 MP: 2/2
   235 | D:1      | XOM is BORED!
   286 | D:1      | Reached skill level 1 in Throwing
   286 | D:1      | Reached XP level 3. HP: 38/41 MP: 3/3
   287 | D:1      | XOM: chaos upgrade
   291 | D:1      | Reached skill level 5 in Fighting
   874 | D:2      | XOM: smoke on damage
   885 | D:2      | Reached XP level 4. HP: 40/50 MP: 4/4
  1623 | D:3      | Noticed Jessica
  1631 | D:3      | Killed Jessica
  1632 | D:3      | Reached XP level 5. HP: 31/59 MP: 5/5
  1747 | D:3      | XOM: 5-stop teleportation journey
  1813 | D:3      | Reached skill level 2 in Throwing
  1813 | D:3      | Reached skill level 3 in Dodging
  2032 | D:3      | Found a stormy altar of Qazlal.
  2033 | D:3      | Found a snail-covered altar of Cheibriados.
  2069 | D:3      | XOM: god gift: pair of boots {god gift}
  2091 | D:3      | XOM: scenery: summon butterflies
  2095 | D:3      | XOM: god gift: barding {god gift}
  2168 | D:3      | Reached skill level 6 in Fighting
  2499 | D:4      | Noticed Natasha
  2544 | D:4      | HP: 12/59 [white imp[Natasha] (3)]
  2549 | D:4      | HP: 20/88 [white imp[Natasha] (3)]
  2554 | D:4      | HP: 15/88 [Natasha (5)]
  2555 | D:4      | XOM: potion effect (curing)
  2557 | D:4      | XOM: blink monster(s)
  2559 | D:4      | HP: 13/88 [scorpion (6)]
  2560 | D:4      | Killed Natasha
  2563 | D:4      | HP: 6/61 [scorpion (6)]
  2564 | D:4      | HP: 2/61 [scorpion (1)]
  2569 | D:4      | HP: 15/61 [poisoned by a scorpion]
  2570 | D:4      | Reached XP level 6. HP: 16/68 MP: 6/6
  2704 | D:4      | XOM: 2-stop teleportation journey
  2716 | D:4      | Gained mutation: You tend to lose your temper in combat.
                  | [potion of mutation]
  2716 | D:4      | Gained mutation: You passively map a small area around you.
                  | [potion of mutation]
  2716 | D:4      | Gained mutation: Your body sometimes deteriorates upon
                  | taking damage. [potion of mutation]
  2716 | D:4      | Gained mutation: You are agile. (Dex +2) [potion of
                  | mutation]
  2722 | D:4      | HP: 17/68 [poisoned by a scorpion]
  2747 | D:4      | Identified a scroll of acquirement
  2749 | D:4      | XOM: confuse monster(s)
  2753 | D:4      | Found a staircase to the Ecumenical Temple.
  2983 | D:4      | Acquired the +0 hat of Ocol {Str+2}
  3272 | D:4      | Reached skill level 7 in Fighting
  3312 | D:4      | XOM: 5-stop teleportation journey
  3346 | D:4      | XOM: summons 4 hostile demons
  3377 | D:4      | You pick up a book of Minor Magic and begin reading...
  3377 | D:4      | You add the spells Magic Dart, Call Imp and Mephitic Cloud
                  | to your library.
  3714 | D:4      | Noticed Natasha
  3720 | D:4      | Killed Natasha
  3721 | D:4      | Reached skill level 3 in Throwing
  4015 | D:4      | XOM: noise
  4151 | D:4      | XOM: give mutation
  4151 | D:4      | Gained mutation: Your body often deteriorates upon taking
                  | damage. [Xom's mischief]
  4188 | D:5      | Entered Level 5 of the Dungeon
  4189 | D:5      | XOM: swap monsters
  4201 | D:5      | Reached XP level 7. HP: 76/79 MP: 7/7
  4213 | D:5      | Reached skill level 8 in Fighting
  4213 | D:5      | Reached skill level 4 in Dodging
  4293 | D:5      | XOM: chaos upgrade
  4577 | D:5      | XOM: polymorph jelly -> scorpion
  4632 | D:5      | Found a glowing drain.
  4643 | Sewer    | Entered a sewer
  4656 | Sewer    | XOM: give mutations
  4656 | Sewer    | Gained mutation: Armour fits poorly on your strangely
                  | shaped body. [Xom's mischief]
  4656 | Sewer    | Gained mutation: You often lose your temper in combat.
                  | [Xom's mischief]
  4846 | Sewer    | Reached skill level 4 in Throwing
  5005 | Sewer    | XOM: summons 3 hostile shadow creatures
  5013 | Sewer    | Reached skill level 9 in Fighting
  5127 | Sewer    | Found a viscous altar of Jiyva.
  5245 | D:5      | Reached XP level 8. HP: 92/92 MP: 8/8
  5510 | D:5      | HP: 22/92 [gnoll/+0 halberd (8)]
  6061 | D:5      | Reached skill level 10 in Fighting
  6176 | D:5      | XOM: summons 1 hostile demon
  6477 | D:5      | XOM: give mutations
  6477 | D:5      | Lost mutation: You often lose your temper in combat. [Xom's
                  | mischief]
  6477 | D:5      | Lost mutation: Armour fits poorly on your strangely shaped
                  | body. [Xom's mischief]
  6477 | D:5      | Lost mutation: You are agile. (Dex +2) [Xom's mischief]
  6670 | D:5      | Found a runed translucent door.
  6671 | D:5      | Noticed Crazy Yiuf
  6780 | D:5      | HP: 20/93 [Crazy Yiuf/+4 quarterstaff of chaos (15)]
  6782 | D:5      | Killed Crazy Yiuf
  6783 | D:5      | Reached skill level 5 in Dodging
  7020 | D:5      | XOM: stat loss: -1 Str (26/27)
  7126 | D:5      | XOM: give mutations
  7126 | D:5      | Gained mutation: Your mind is acute. (Int +2) [Xom's grace]
  7126 | D:5      | Gained mutation: You have a pair of small horns on your
                  | head. [Xom's grace]
  7155 | D:6      | XOM: 2-stop teleportation journey
  7157 | D:6      | XOM: divination: detect items
  7162 | D:6      | HP: 23/94 [gnoll/+0 flail (11)]
  7164 | D:6      | HP: 10/94 [gnoll/+0 flail (10)]
  7165 | D:6      | HP: 3/94 [gnoll/+0 flail (2)]
  7165 | D:6      | Slain by a gnoll

Vanquished Creatures
  A centaur (D:5)
  An ogre (D:5)
  A necrophage (D:5)
  5 scorpions
  2 hounds (D:5)
  Crazy Yiuf (D:5)
  5 jellies
  An orc priest (D:5)
  Natasha (twice) (D:4)
  3 gnoll shamans
  Jessica (D:3)
  4 iguanas
  An orc wizard (D:5)
  13 gnolls
  3 adders
  2 ufetubi
  3 worms
  3 dart slugs
  13 orcs
  3 bats
  11 endoplasms
  10 giant cockroaches
  5 goblins
  8 hobgoblins
  6 jackals
  3 kobolds
  3 quokkas
  7 ball pythons
  4 frilled lizards
  16 rats
141 creatures vanquished.

Vanquished Creatures (others)
  A gnoll (D:1)
1 creature vanquished.

Grand Total: 142 creatures vanquished

Table legend:
 A = Non-vault XP
 B = Vault XP
 C = Vault XP percentage of total XP
 D = Non-vault monster count
 E = Vault monster count
 F = Vault count percentage of total count
                 A         B        C        D         E       F
            +---------+---------+-------+---------+---------+-------
      Total |    1584 |     384 |  19.5 |     106 |      37 |  25.9
            +---------+---------+-------+---------+---------+-------
        D:1 |      67 |       0 |   0.0 |      19 |       0 |   0.0
        D:2 |      33 |       0 |   0.0 |      14 |       0 |   0.0
        D:3 |      72 |      37 |  33.9 |      12 |       1 |   7.7
        D:4 |     332 |      39 |  10.5 |      25 |       1 |   3.8
        D:5 |     940 |     142 |  13.1 |      30 |       7 |  18.9
        D:6 |     140 |       0 |   0.0 |       6 |       0 |   0.0
      Sewer |       0 |     166 | 100.0 |       0 |      28 | 100.0
            +---------+---------+-------+---------+---------+-------

Illustrated notes

Table legend:
 A = Kills in this place as a percentage of kills in entire the game.
 B = Kills by you in this place as a percentage of kills by you in the entire game.
 C = Kills by friends in this place as a percentage of kills by friends in the entire game.
 D = Other kills in this place as a percentage of other kills in the entire game.
 E = Experience gained in this place as a percentage of experience gained in the entire game.
 F = Experience gained in this place divided by the number of levels of this place that you have seen.
                   A       B       C       D       E      F
               +-------+-------+-------+-------+-------+----------------------
         Total | 100.0 | 100.0 |   N/A | 100.0 | 100.0 | 281.1
       Dungeon |  80.4 |  80.0 |   N/A | 100.0 |  91.6 | 300.3
         Sewer |  19.6 |  20.0 |   N/A |   0.0 |   8.4 | 166.0
               +-------+-------+-------+-------+-------+----------------------

Table legend: (Time is in decaauts)
 A = Elapsed time spent in this place.
 B = Non-inter-level travel time spent in this place.
 C = Inter-level travel time spent in this place.
 D = Time resting spent in this place.
 E = Time spent auto-exploring this place.
 F = Levels seen in this place.
 G = Mean time per level.
                   A        B        C        D        E       F      G
               +--------+--------+--------+--------+--------+-----+--------+
         Total |   7335 |   7239 |     96 |   1535 |   4399 |   7 | 1047.9 |
       Dungeon |   6737 |   6641 |     96 |   1351 |   4166 |   6 | 1122.8 |
         Sewer |    598 |    598 |      0 |    184 |    233 |   1 |  598.0 |
               +--------+--------+--------+--------+--------+-----+--------+

Top non-repeatable levels by time:
     D:5: 2448 daAuts
     D:4: 1758 daAuts
     D:3: 1124 daAuts
     D:1: 724 daAuts
     D:2: 652 daAuts
   Sewer: 598 daAuts
     D:6: 28 daAuts
